 Dungeon Crawl Stone Soup version 0.23.0-3-gf3c87f2 (webtiles) character file.

Game seed: 17229195035819802633

341238 Jaiteiro the Deadly Accurate (level 22, -7/175 HPs)
             Began as a Gnoll Fighter on Feb 20, 2019.
             Was the Champion of Makhleb.
             Mangled by a peacekeeper (11 damage)
             ... in the Desolation of Salt on Feb 22, 2019.
             The game lasted 10:18:01 (46491 turns).

Jaiteiro the Deadly Accurate (Gnoll Fighter)       Turns: 46491, Time: 10:18:02

Health: -7/175     AC: 20    Str: 29    XL:     22   Next: 0%
Magic:  0/49       EV: 23    Int: 25    God:    Makhleb [******]
Gold:   4802       SH: 19    Dex: 14    Spells: 29/49 levels left

rFire    + + +     SeeInvis +   a - +12 whip of Fortitude {freeze, rC++ Int+4}
rCold    + + +     Gourm    .   Q - +2 shield of Resistance {rF+ rC+ MR+}
rNeg     + + +     Faith    .   G - +4 chain mail {rN+}
rPois    +         Spirit   +   y - +0 hat of Dishonour {rPois rN++ Dex-4 Slay+6}
rElec    +         Reflect  +   J - scarf {Spirit}
rCorr    +         Harm     .   z - +0 pair of gloves {Dex+3}
MR       +++..                  L - +0 pair of boots of the Ward {rC+ rCorr MP+9 Str+4}
Stlth    +++.......             W - amulet "Rufriasi" {Reflect rPois rF+ rC- MR+ SH+2}
HPRegen  0.39/turn              K - +6 ring of evasion
MPRegen  0.31/turn              M - ring of Gaschu Bodgh {+Fly rF+ Str+4 Int+3 SInv}

@: very slightly contaminated, studying Throwing
A: distributed training, fangs 1, talons 1, electricity resistance, strong nose
}: 2/15 runes: decaying, serpentine
a: Minor Destruction, Lesser Servant of Makhleb, Major Destruction, Greater
Servant of Makhleb, Renounce Religion, Evoke Flight


You were in the Desolation of Salt.
You worshipped Makhleb.
Makhleb was exalted by your worship.
You were not hungry.

You visited 7 branches of the dungeon, and saw 36 of its levels.
You visited the Abyss 1 time.
You also visited: Bailey, Gauntlet and Desolation.

You collected 4802 gold pieces.

Inventory:

Hand Weapons
 a - the +12 whip of Fortitude (weapon) {freeze, rC++ Int+4}
   (You found it on level 7 of the Dungeon)

   It has been specially enchanted to freeze those struck by it, causing extra
   injury to most foes and up to half again as much damage against particularly
   susceptible opponents.
   It can also slow down cold-blooded creatures.
   It affects your intelligence (+4).
   It greatly protects you from cold.
 b - the +8 flail of Viyneisa {flame, MR+}
   (You took it off a minotaur in a Gauntlet)

   It has been specially enchanted to burn those struck by it, causing extra
   injury to most foes and up to half again as much damage against particularly
   susceptible opponents.
   It affects your resistance to hostile enchantments.
 e - the +7 hand axe "Punt" {chop, rElec Int+7}
   (You took it off a deep elf demonologist on level 2 of the Elven Halls)

   It inflicts extra damage upon your enemies.
   It affects your intelligence (+7).
   It insulates you from electricity.
Missiles
 c - 425 stones (quivered)
 d - 3 javelins
 n - 1178 arrows
 r - 13 javelins of returning
 F - 31 tomahawks
 I - 12 steel javelins
 O - 6 silver tomahawks
Armour
 y - the +0 hat of Dishonour (worn) {rPois rN++ Dex-4 Slay+6}
   (You found it in a Gauntlet)

   It affects your dexterity (-4).
   It affects your accuracy and damage with ranged weapons and melee attacks
   (+6).
   It protects you from poison.
   It greatly protects you from negative energy.
 z - a +0 pair of gloves of dexterity (worn)
 G - a +4 chain mail of positive energy (worn)
 J - a scarf of spirit shield (worn)
 L - the +0 pair of boots of the Ward (worn) {rC+ rCorr MP+9 Str+4}
   (You found it on level 6 of the Dungeon)

   It affects your strength (+4).
   It protects you from cold.
   It affects your magic capacity (+9).
   It provides partial protection from all sources of acid and corrosion.
 Q - the +2 shield of Resistance (worn) {rF+ rC+ MR+}
   (You acquired it on level 2 of the Snake Pit)

   It protects you from fire.
   It protects you from cold.
   It affects your resistance to hostile enchantments.
Jewellery
 K - a +6 ring of evasion (left hand)
 M - the ring of Gaschu Bodgh (right hand) {+Fly rF+ Str+4 Int+3 SInv}
   (You took it off a deep elf demonologist on level 2 of the Elven Halls)

   [ring of flight]

   It affects your strength (+4).
   It affects your intelligence (+3).
   It protects you from fire.
   It lets you see invisible.
   It lets you fly.
 W - the amulet "Rufriasi" (around neck) {Reflect rPois rF+ rC- MR+ SH+2}
   (You acquired it on level 2 of the Snake Pit)

   [amulet of reflection]

   It shields you and reflects attacks.
   It protects you from fire.
   It makes you vulnerable to cold.
   It protects you from poison.
   It affects your resistance to hostile enchantments.
   It affects your SH (+2).
Wands
 o - a wand of scattershot (8)
 s - a wand of enslavement (9)
 C - a wand of digging (13)
 H - a wand of iceblast (11)
 N - a wand of flame (101)
 P - a wand of acid (29)
 U - a wand of disintegration (9)
 Y - a wand of polymorph (45)
Scrolls
 i - 5 scrolls of identify
 j - 7 scrolls of enchant armour
 p - 6 scrolls of fog
 t - 13 scrolls of remove curse
 u - 9 scrolls of amnesia
 v - 4 scrolls of blinking
 T - 7 scrolls of magic mapping
 Z - 15 scrolls of teleportation
Potions
 h - 2 potions of resistance
 k - 4 potions of invisibility
 l - 10 potions of haste
 m - a potion of berserk rage
 q - 8 potions of agility
 B - 2 potions of brilliance
 D - 2 potions of might
 E - 5 potions of mutation
Books
 x - a manual of Throwing
Miscellaneous
 S - a crystal ball of energy
 X - 2 sacks of spiders
Comestibles
 f - 62 rations


   Skills:
 + Level 15.2 Fighting
 + Level 14.1 Short Blades
 + Level 14.1 Long Blades
 + Level 14.1 Axes
 + Level 14.7 Maces & Flails
 + Level 14.1 Polearms
 + Level 14.1 Staves
 + Level 14.1 Slings
 + Level 14.1 Bows
 + Level 14.1 Crossbows
 + Level 17.4 Throwing
 + Level 15.2 Armour
 + Level 14.1 Dodging
 + Level 14.1 Stealth
 + Level 15.2 Shields
 + Level 14.1 Unarmed Combat
 + Level 14.1 Spellcasting
 + Level 12.1 Conjurations
 + Level 12.1 Hexes
 + Level 12.1 Charms
 + Level 12.1 Summonings
 + Level 12.1 Necromancy
 + Level 12.1 Translocations
 + Level 12.1 Transmutations
 + Level 12.1 Fire Magic
 + Level 12.1 Ice Magic
 + Level 12.1 Air Magic
 + Level 12.1 Earth Magic
 + Level 12.1 Poison Magic
 + Level 15.2 Invocations
 + Level 14.1 Evocations


You had 29 spell levels left.
You knew the following spells:

 Your Spells              Type           Power        Failure   Level  Hunger
a - Mephitic Cloud        Conj/Pois/Air  ######..     1%          3    None
b - Agony                 Necr           ######..     1%          5    ##.....
c - Olgreb's Toxic Radia  Pois           ######..     1%          4    None
d - Bolt of Draining      Conj/Necr      ######....   1%          5    ##.....
e - Sticks to Snakes      Tmut           ######..     1%          2    None
f - Summon Butterflies    Summ           ######..     1%          1    None

Your spell library contained the following spells:

 Spells                   Type           Power        Failure   Level  Hunger
 Animate Skeleton         Necr           N/A          1%          1    None
 Apportation              Tloc           ######       1%          1    None
 Beastly Appendage        Tmut           ######       1%          1    None
 Corona                   Hex            ######.      1%          1    None
 Pain                     Necr           ####         1%          1    None
 Sandblast                Erth           ######       1%          1    None
 Sting                    Conj/Pois      ####         1%          1    None
 Corpse Rot               Necr           N/A          1%          2    None
 Ensorcelled Hibernation  Hex/Ice        ######       1%          2    None
 Passwall                 Tmut/Erth      ######..     1%          2    None
 Poisonous Vapours        Pois/Air       ######       1%          2    None
 Sublimation of Blood     Necr           ######....   1%          2    None
 Confuse                  Hex            ######..     1%          3    None
 Dazzling Spray           Conj/Hex       ######       1%          3    None
 Gell's Gravitas          Tloc           ######....   1%          3    None
 Inner Flame              Hex/Fire       ######..     1%          3    None
 Lesser Beckoning         Tloc           ######....   1%          3    None
 Portal Projectile        Hex/Tloc       ######       1%          3    None
 Spider Form              Tmut/Pois      ######....   1%          3    None
 Static Discharge         Conj/Air       ######..     1%          3    None
 Tukima's Dance           Hex            ######..     1%          3    None
 Force Lance              Conj/Tloc      ######..     1%          4    None
 Ice Form                 Ice/Tmut       ######..     1%          4    None
 Leda's Liquefaction      Hex/Erth       ######....   1%          4    None
 Summon Lightning Spire   Summ/Air       ######..     1%          4    None
 Alistair's Intoxication  Tmut/Pois      ######..     1%          5    ##.....
 Blade Hands              Tmut           ######....   1%          5    ##.....
 Bolt of Magma            Conj/Fire/Erth ######....   1%          5    ##.....
 Dispel Undead            Necr           ######..     1%          5    ##.....
 Excruciating Wounds      Chrm/Necr      ######....   1%          5    ##.....
 Irradiate                Conj/Tmut      ######....   1%          5    ##.....
 Lightning Bolt           Conj/Air       ######....   1%          5    ##.....
 Metabolic Englaciation   Hex/Ice        ######....   1%          5    ##.....
 Summon Mana Viper        Hex/Summ       ######..     1%          5    ##.....
 Venom Bolt               Conj/Pois      ######....   1%          5    ##.....
 Yara's Violent Unravell  Hex/Tmut       ######....   1%          5    ##.....
 Bolt of Cold             Conj/Ice       ######....   11%         6    ####...
 Dispersal                Tloc           ######....   11%         6    ####...
 Freezing Cloud           Conj/Ice/Air   ######....   11%         6    ####...
 Invisibility             Hex            ######..     11%         6    ####...
 Ozocubu's Refrigeration  Ice            ######....   11%         6    ####...
 Simulacrum               Ice/Necr       ######....   11%         6    ####...
 Statue Form              Tmut/Erth      ######...    11%         6    ####...
 Dragon Form              Tmut           ######....   52%         7    ######.
 Controlled Blink         Tloc           N/A          99%         8    #######
 Disjunction              Tloc           ######....   99%         8    #######
 Ignition                 Fire           ######....   99%         8    #######
 Shatter                  Erth           ######....   100%        9    #######
 Tornado                  Air            ######....   100%        9    #######


Dungeon Overview and Level Annotations

Branches:
Dungeon (14/15)              Lair (6/6) D:8           Swamp (4/4) Lair:2
  Snake (4/4) Lair:2        Slime (0/5) Lair:6          Orc (2/2) D:9
    Elf (3/3) Orc:2        Vaults (3/5) D:14
 Temple: D:4-7        Crypt: Vaults:2-3

Altars:
Ashenzari
Dithmenos
Elyvilon
Fedhas
Gozag
Hepliaklqana
Kikubaaqudgha
Makhleb
Nemelex Xobeh
Okawaru
Uskayaw
Vehumet
Xom
The Shining One
Beogh

Shops:
Orc:2 ??}[   Elf:3 }:!?   Snake:4 *   Vaults:1 !   Vaults:2 }

Portals:
Trove: D:10 (show abyssal rune of Zot)


Innate Abilities, Weirdness & Mutations

Your experience applies equally to all skills.
You have very sharp teeth.
Your uncanny sense of smell can sniff out nearby items.
You have sharp toenails.
You are resistant to electric shocks. (rElec)


Message History

The saltling hits you but does no damage.
You hear a shout! x3
The peacekeeper roars a battlecry!
The saltlings go into a battle-frenzy!
You block the saltling's attack. The saltling barely misses you.
The peacekeeper misses you. You block the peacekeeper's attack.
The saltling barely misses you.
The halazid warlock points at you and mumbles some strange words.
The bolt of negative energy misses you.
The saltling hits you but does no damage.
You block the peacekeeper's attack. The peacekeeper misses you.
You block the saltling's attack. The saltling hits you!
* * * LOW HITPOINT WARNING * * *
You block the peacekeeper's attack. The peacekeeper completely misses you.
The halazid warlock completely misses you.
You block the saltling's attack. The peacekeeper completely misses you.
The peacekeeper claws you but does no damage.
The saltling misses you. You block the halazid warlock's attack.
The peacekeeper bites you!
You die...

################
################
################
################
################
.......@8p......
......8L8.......
.......8........
.......S..##....
............ ...
.......8..... ..
.#.......§§.....
.
.......§.§§§...
.
......§§.......
.


You could see a ragged hierophant, a halazid warlock, a peacekeeper, a guardian
serpent and 4 saltlings.

Vanquished Creatures
  Vashnia (Snake:2)
  Nikola (Elf:1)
  Rupert (Lair:5)
  Jorgrun (Swamp:1)
  A sphinx (Vaults:2)
  3 deep elf blademasters (Elf:3)
  Frances (Swamp:2)
  A deep elf master archer (Elf:3)
  2 thorn hunters (Swamp:4)
  A tentacled starspawn (Abyss:3)
  Kirke (Lair:6)
  Roxanne (Snake:2)
  5 deep elf sorcerers (Elf:3)
  12 nagarajas
  An orc warlord (Orc:2)
  4 vault wardens
  6 deep elf elementalists (Elf:3)
  A reaper (Abyss:3)
  2 very ugly things
  5 ironheart preservers
  A war gargoyle (Vaults:1)
  A stone giant (Vaults:2)
  An entropy weaver (Vaults:2)
  Nessos (D:12)
  7 deep elf annihilators (Elf:3)
  A halazid warlock (Desolation)
  A minotaur (Gauntlet)
  5 deep elf demonologists
  Azrael (Elf:1)
  7 deep elf death magi
  Snorg (D:10)
  Josephine (Orc:2)
  The ghost of Haxyobbu the Fighter, a journeyman MiFi of Okawaru (Lair:2)
  4 yaktaur captains
  3 fire dragons
  5 deep elf high priests (Elf:3)
  7 vault guards
  A great orb of eyes (Abyss:3)
  2 ice dragons (Vaults:2)
  Harold (D:10)
  A ghost crab (Swamp:1)
  18 hydras
  3 rakshasas
  5 centaur warriors
  21 naga warriors
  11 anacondas
  A peacekeeper (Desolation)
  5 shambling mangroves
  3 catoblepae (Lair:4)
  25 dancing weapons
  A deep troll shaman (Vaults:2)
  4 alligators
  2 tengu warriors
  17 two-headed ogres
  3 ogre magi
  3 orc high priests (Orc:2)
  A hell hog (Gauntlet)
  A spriggan berserker (Swamp:4)
  11 shock serpents
  18 naga sharpshooters
  A thrashing horror (Abyss:3)
  Sonja (Lair:4)
  3 wretched stars
  14 deep elf knights
  2 fire crabs
  A skeletal warrior (Vaults:1)
  5 deep trolls
  2 sea snakes (Snake:4)
  2 glowing orange brains (Vaults:1)
  2 salamander mystics
  A spriggan druid (Swamp:2)
  3 unseen horrors
  9 swamp dragons
  3 deep elf archers
  2 wizards (Vaults:2)
  A lindwurm (Orc:2)
  8 naga ritualists
  62 deep elf magi
  8 ironbrand convokers
  A wolf spider zombie (D:13)
  10 mana vipers
  22 ugly things
  12 orc knights
  12 salamanders
  2 manticores (Lair:4)
  4 orc sorcerers
  6 cyclopes
  Joseph (Lair:1)
  4 worldbinders (Abyss:3)
  8 elephants
  2 molten gargoyles (Lair:6)
  4 guardian serpents
  35 black mambas
  A centaur zombie (D:14)
  31 naga magi
  2 guardian serpents (shapeshifter) (Vaults:2)
  3 vault sentinels (Vaults:1)
  A gargoyle (D:10)
  2 smoke demons (Abyss:3)
  20 spiny frogs
  A kobold demonologist (D:10)
  6 komodo dragons
  A demonic crawler (Abyss:3)
  9 yaktaurs
  A rime drake (Lair:6)
  A freezing wraith (Abyss:3)
  2 tengu conjurers
  A polar bear (Lair:6)
  2 ancient zymes (Abyss:3)
  A queen bee (D:14)
  6 trolls
  6 meliai
  2 jumping spiders (Vaults:2)
  5 saltlings (Desolation)
  A tengu simulacrum (Vaults:1)
  14 tyrant leeches
  15 bog bodies
  8 raiju (Abyss:3)
  An ettin zombie (Abyss:3)
  16 blink frogs
  24 hornets
  10 hippogriffs
  8 slime creatures
  2 human simulacra (Vaults:1)
  8 spriggans
  5 shadows
  2 redbacks (Vaults:2)
  20 yaks
  3 vampires
  A human (shapeshifter) (Vaults:2)
  3 water elementals (Elf:3)
  8 wraiths
  4 wyverns
  2 golden eyes (Abyss:3)
  Grum (D:9)
  A basilisk (shapeshifter) (D:14)
  3 fire elementals
  7 fire bats
  8 humans (D:14)
  5 basilisks
  2 hungry ghosts
  A neqoxec (Abyss:3)
  A steam dragon (Lair:6)
  6 vampire mosquitoes
  An acid dragon (Vaults:2)
  9 insubstantial wisps
  5 wargs
  A soldier ant (D:11)
  4 large abominations (Abyss:3)
  A soldier ant (shapeshifter) (D:13)
  14 swamp worms
  56 nagas
  7 hell hounds
  19 water moccasins
  8 porcupines
  A floating eye (D:13)
  14 swamp drakes
  42 orc warriors
  4 black bears
  15 ogres
  10 ice beasts
  7 boggarts
  6 sky beasts
  An eye of draining (D:13)
  18 wolves
  13 centaurs
  7 crocodiles
  12 big kobolds
  20 bullfrogs
  3 earth elementals
  3 small abominations
  A wyvern zombie (D:7)
  3 scorpions
  25 killer bees
  8 wights
  8 howler monkeys
  4 electric eels
  7 starcursed masses (Abyss:3)
  5 crimson imps
  A yaktaur simulacrum (Vaults:1)
  4 hounds
  3 lava snakes (Lair:6)
  4 jellies
  31 orc wizards
  3 bullfrog skeletons
  22 orc priests
  2 centaur skeletons
  5 gnoll shamans (D:7)
  9 worker ants
  4 iguanas
  3 hound zombies
  3 howler monkey zombies
  3 worker ant zombies
  14 gnolls
  11 adders
  6 shadow imps
  A white imp (Abyss:3)
  An adder zombie (D:8)
  An adder skeleton (D:6)
  5 worms
  3 dart slugs
  4 leopard geckos
  120 orcs
  9 bats
  6 giant cockroaches
  11 goblins
  11 hobgoblins
  10 jackals
  44 kobolds
  4 quokkas
  A ball python (D:2)
  4 frilled lizards
  A giant cockroach zombie (D:6)
  7 kobold skeletons (D:10)
  11 kobold zombies (D:10)
  A leopard gecko skeleton (D:6)
  A leopard gecko zombie (D:6)
  A quokka zombie (D:5)
  6 rats
  2 crawling corpses (Elf:1)
  A fungus (Lair:2)
  8 pillars of salt (Vaults:3)
  3 plants (D:7)
1571 creatures vanquished.

Vanquished Creatures (collateral kills)
  A saltling (Desolation)
1 creature vanquished.

Vanquished Creatures (others)
  A deep elf master archer (Elf:3)
  A yaktaur captain (Vaults:1)
  An alligator (Swamp:2)
  2 naga sharpshooters (Snake:4)
  2 deep elf knights
  3 deep elf archers
  An ironbrand convoker (Desolation)
  2 deep elf magi
  A cyclops (Vaults:2)
  A salamander (Snake:4)
  A naga mage (Snake:4)
  A yaktaur (Vaults:1)
  3 saltlings (Desolation)
  A shadow (Abyss:3)
  3 humans
  A swamp drake (Swamp:2)
  2 kobolds
  4 briar patches (Swamp:4)
  A fungus (D:7)
  11 plants
  2 starspawn tentacles (Abyss:3)
45 creatures vanquished.

Grand Total: 1617 creatures vanquished

Notes
Turn   | Place    | Note
-------+----------+-------------------------------------------
     0 | D:1      | Jaiteiro the Gnoll Fighter began the quest for the Orb.
     0 | D:1      | Reached XP level 1. HP: 23/23 MP: 1/1
   153 | D:1      | Reached XP level 2. HP: 29/29 MP: 2/2
   620 | D:1      | Reached XP level 3. HP: 33/35 MP: 3/3
   920 | D:2      | Reached skill level 1 in Invocations
  1119 | D:2      | Reached skill level 1 in Short Blades
  1119 | D:2      | Reached skill level 1 in Long Blades
  1119 | D:2      | Reached skill level 1 in Axes
  1119 | D:2      | Reached skill level 1 in Polearms
  1119 | D:2      | Reached skill level 1 in Staves
  1119 | D:2      | Reached skill level 1 in Slings
  1119 | D:2      | Reached skill level 1 in Bows
  1119 | D:2      | Reached skill level 1 in Crossbows
  1119 | D:2      | Reached skill level 1 in Throwing
  1119 | D:2      | Reached skill level 1 in Dodging
  1119 | D:2      | Reached skill level 1 in Stealth
  1119 | D:2      | Reached skill level 1 in Unarmed Combat
  1119 | D:2      | Reached skill level 1 in Spellcasting
  1119 | D:2      | Reached skill level 1 in Evocations
  1119 | D:2      | Reached XP level 4. HP: 41/41 MP: 5/5
  1235 | D:2      | Reached skill level 1 in Conjurations
  1235 | D:2      | Reached skill level 1 in Hexes
  1235 | D:2      | Reached skill level 1 in Charms
  1235 | D:2      | Reached skill level 1 in Summonings
  1235 | D:2      | Reached skill level 1 in Necromancy
  1235 | D:2      | Reached skill level 1 in Translocations
  1235 | D:2      | Reached skill level 1 in Transmutations
  1235 | D:2      | Reached skill level 1 in Fire Magic
  1235 | D:2      | Reached skill level 1 in Ice Magic
  1235 | D:2      | Reached skill level 1 in Air Magic
  1235 | D:2      | Reached skill level 1 in Earth Magic
  1235 | D:2      | Reached skill level 1 in Poison Magic
  1296 | D:2      | Found a shadowy altar of Dithmenos.
  1488 | D:2      | Reached XP level 5. HP: 44/47 MP: 6/6
  2268 | D:3      | Found a white marble altar of Elyvilon.
  2355 | D:4      | Found an iron altar of Okawaru.
  2371 | D:4      | Reached XP level 6. HP: 53/53 MP: 8/8
  2546 | D:4      | Reached skill level 5 in Maces & Flails
  2548 | D:4      | Reached skill level 2 in Throwing
  3185 | D:4      | Found a burning altar of Makhleb.
  3185 | D:4      | Found a shimmering altar of Xom.
  3201 | D:4      | Reached XP level 7. HP: 55/59 MP: 10/10
  3469 | D:4      | Became a worshipper of Makhleb the Destroyer
  3491 | D:5      | Entered Level 5 of the Dungeon
  3671 | D:5      | Found a hazy altar of Hepliaklqana.
  3697 | D:5      | You fall through a shaft!
  3724 | D:6      | Reached XP level 8. HP: 28/67 MP: 12/12
  3729 | D:6      | Reached skill level 3 in Throwing
  4414 | D:6      | Reached * piety under Makhleb
  4513 | D:6      | Got a pair of pitted boots
  4519 | D:6      | Identified the +0 pair of boots of the Ward {rC+ rCorr MP+9
                  | Str+4} (You found it on level 6 of the Dungeon)
  4718 | D:7      | Reached XP level 9. HP: 72/72 MP: 14/14
  4936 | D:7      | Reached ** piety under Makhleb
  5020 | D:7      | Reached skill level 4 in Throwing
  5548 | D:7      | Reached skill level 5 in Invocations
  5682 | D:7      | Got a crystal whip
  5683 | D:7      | Identified the +12 whip of Fortitude {freeze, rC++ Int+4}
                  | (You found it on level 7 of the Dungeon)
  5814 | D:7      | Found a blossoming altar of Fedhas.
  6053 | D:8      | Reached XP level 10. HP: 78/80 MP: 17/17
  6250 | D:8      | Reached skill level 5 in Short Blades
  6250 | D:8      | Reached skill level 5 in Long Blades
  6250 | D:8      | Reached skill level 5 in Axes
  6250 | D:8      | Reached skill level 5 in Polearms
  6250 | D:8      | Reached skill level 5 in Staves
  6250 | D:8      | Reached skill level 5 in Slings
  6250 | D:8      | Reached skill level 5 in Bows
  6250 | D:8      | Reached skill level 5 in Crossbows
  6250 | D:8      | Reached skill level 5 in Throwing
  6250 | D:8      | Reached skill level 5 in Dodging
  6250 | D:8      | Reached skill level 5 in Stealth
  6250 | D:8      | Reached skill level 5 in Unarmed Combat
  6250 | D:8      | Reached skill level 5 in Spellcasting
  6250 | D:8      | Reached skill level 5 in Evocations
  6307 | D:8      | Reached *** piety under Makhleb
  6344 | D:8      | Found a staircase to the Lair.
  6442 | D:8      | Found a glowing golden altar of the Shining One.
  6443 | D:8      | Found a sparkling altar of Nemelex Xobeh.
  6446 | D:8      | Found an opulent altar of Gozag.
  6446 | D:8      | Found a hide-covered altar of Uskayaw.
  6446 | D:8      | Found a shattered altar of Ashenzari.
  6842 | D:8      | Found a radiant altar of Vehumet.
  7047 | Lair:1   | Entered Level 1 of the Lair of Beasts
  7185 | Lair:1   | Noticed Joseph
  7199 | Lair:1   | Killed Joseph
  7390 | Lair:1   | Noticed a spiny frog
  7405 | Lair:1   | Killed a spiny frog
  7486 | Lair:1   | Reached XP level 11. HP: 62/87 MP: 19/19
  8208 | Lair:2   | Found a staircase to the Swamp.
  8418 | Lair:2   | Found a runed translucent gate.
  8419 | Lair:2   | Found a runed translucent gate.
  8420 | Lair:2   | Found a runed translucent gate.
  8421 | Lair:2   | Noticed an 11-headed hydra
  8421 | Lair:2   | Noticed an 11-headed hydra
  8421 | Lair:2   | Noticed Haxyobbu's ghost (journeyman MiFi)
  8631 | Lair:2   | Reached skill level 6 in Throwing
  8720 | Lair:2   | Found a staircase to the Snake Pit.
  8737 | Lair:2   | Reached skill level 5 in Conjurations
  8737 | Lair:2   | Reached skill level 5 in Hexes
  8737 | Lair:2   | Reached skill level 5 in Charms
  8737 | Lair:2   | Reached skill level 5 in Summonings
  8737 | Lair:2   | Reached skill level 5 in Necromancy
  8737 | Lair:2   | Reached skill level 5 in Translocations
  8737 | Lair:2   | Reached skill level 5 in Transmutations
  8737 | Lair:2   | Reached skill level 5 in Fire Magic
  8737 | Lair:2   | Reached skill level 5 in Ice Magic
  8737 | Lair:2   | Reached skill level 5 in Air Magic
  8737 | Lair:2   | Reached skill level 5 in Earth Magic
  8737 | Lair:2   | Reached skill level 5 in Poison Magic
  8746 | Lair:2   | You fall through a shaft for 2 floors!
  8746 | Lair:4   | Noticed a six-headed hydra
  8759 | Lair:4   | Killed a six-headed hydra
  8759 | Lair:4   | Reached **** piety under Makhleb
  8810 | Lair:4   | Noticed a six-headed hydra
  8833 | Lair:4   | Killed a six-headed hydra
  8909 | Lair:4   | Noticed a manticore
  8909 | Lair:4   | Noticed a catoblepas
  9062 | Lair:4   | Noticed a manticore
  9064 | Lair:4   | Noticed a catoblepas
  9119 | Lair:4   | Killed a catoblepas
  9223 | Lair:4   | Killed a manticore
  9337 | Lair:4   | Killed a catoblepas
  9551 | Lair:4   | Reached XP level 12. HP: 96/96 MP: 22/22
  9686 | Lair:4   | Noticed Sonja
  9692 | Lair:4   | Killed Sonja
  9790 | Lair:4   | Reached skill level 7 in Throwing
 10245 | Lair:3   | Noticed a six-headed hydra
 10261 | Lair:3   | Killed a six-headed hydra
 11387 | Lair:5   | Noticed Rupert
 11387 | Lair:5   | Noticed a catoblepas
 11413 | Lair:4   | Killed a catoblepas
 11413 | Lair:4   | Reached skill level 10 in Fighting
 11413 | Lair:4   | Reached skill level 10 in Armour
 11413 | Lair:4   | Reached skill level 10 in Shields
 11527 | Lair:5   | Paralysed by Rupert for 3 turns
 11534 | Lair:5   | Killed Rupert
 11637 | Lair:5   | Reached XP level 13. HP: 103/103 MP: 24/24
 12299 | Lair:6   | Entered Level 6 of the Lair of Beasts
 12333 | Lair:6   | Identified 3 scrolls of acquirement
 12432 | Lair:6   | Reached skill level 8 in Throwing
 12598 | Lair:6   | Reached ***** piety under Makhleb
 12635 | Lair:6   | Found a staircase to the Slime Pits.
 12668 | Lair:6   | Found a gate leading to a gauntlet.
 12678 | Gauntlet | Entered a Gauntlet
 12678 | Gauntlet | Found a transporter.
 12678 | Gauntlet | Found a transporter.
 12682 | Gauntlet | Found a transporter.
 12682 | Gauntlet | Found a transporter.
 12693 | Gauntlet | Found a transporter.
 12731 | Gauntlet | Found a transporter.
 12862 | Gauntlet | Found a transporter.
 12900 | Gauntlet | Found a transporter.
 12934 | Gauntlet | Found a transporter.
 12940 | Gauntlet | Found a transporter.
 12960 | Gauntlet | Found a transporter.
 12973 | Gauntlet | Paralysed by you for 6 turns
 12993 | Gauntlet | Found a transporter.
 13001 | Gauntlet | Got a crude hat
 13002 | Gauntlet | Identified the +2 hat of the Equinox {rC+ Int-2 Dex+2} (You
                  | found it in a Gauntlet)
 13022 | Gauntlet | Identified the +8 flail of Viyneisa {flame, MR+}
 13022 | Gauntlet | Noticed a minotaur
 13036 | Gauntlet | Killed a minotaur
 13217 | Gauntlet | Identified the Incunabulum of Cheese
 13225 | Gauntlet | Identified Dax Rato's Collected Works on Transmigration
 13275 | Gauntlet | Got a shimmering hat
 13287 | Gauntlet | Identified the +0 hat of Dishonour {rPois rN++ Dex-4
                  | Slay+6} (You found it in a Gauntlet)
 13617 | Lair:6   | Noticed Kirke
 13638 | Lair:6   | Killed Kirke
 13808 | Lair:6   | Found a large runed translucent door.
 13808 | Lair:6   | Noticed a fire dragon
 13828 | Lair:6   | Found a large runed translucent door.
 13967 | Lair:6   | Reached XP level 14. HP: 98/111 MP: 26/26
 14494 | Lair:2   | Killed Haxyobbu's ghost
 14556 | Lair:2   | Reached skill level 10 in Maces & Flails
 14606 | Snake:1  | Entered Level 1 of the Snake Pit
 14722 | Lair:2   | Reached skill level 9 in Throwing
 15343 | Snake:1  | Reached skill level 10 in Invocations
 15750 | Snake:2  | Noticed a nagaraja
 17001 | Snake:2  | Killed a nagaraja
 17001 | Snake:2  | Reached skill level 10 in Throwing
 17129 | Snake:2  | Identified Roxanne's Volume of Transmutation
 17129 | Snake:2  | Noticed Roxanne
 17167 | Snake:2  | Killed Roxanne
 17167 | Snake:2  | Reached XP level 15. HP: 96/119 MP: 28/28
 17197 | Snake:2  | Reached ****** piety under Makhleb
 17255 | Snake:2  | Got a glittering iron amulet
 17256 | Snake:2  | Identified the amulet "Rufriasi" {Reflect rPois rF+ rC- MR+
                  | SH+2} (You acquired it on level 2 of the Snake Pit)
 17269 | Snake:2  | Found the +2 shield of Resistance {rF+ rC+ MR+}
 17285 | Snake:2  | Got a pair of crude boots
 17297 | Snake:2  | Identified the +0 pair of boots of Hofi {Dex+6} (You
                  | acquired it on level 2 of the Snake Pit)
 17686 | Snake:2  | Noticed a nagaraja
 17704 | Snake:2  | Killed a nagaraja
 17936 | Snake:2  | Noticed Vashnia
 18002 | Snake:2  | Killed Vashnia
 18018 | Snake:2  | Noticed a nagaraja
 18031 | Snake:2  | Reached skill level 10 in Short Blades
 18031 | Snake:2  | Reached skill level 10 in Long Blades
 18031 | Snake:2  | Reached skill level 10 in Axes
 18031 | Snake:2  | Reached skill level 10 in Polearms
 18031 | Snake:2  | Reached skill level 10 in Staves
 18031 | Snake:2  | Reached skill level 10 in Slings
 18031 | Snake:2  | Reached skill level 10 in Bows
 18031 | Snake:2  | Reached skill level 10 in Crossbows
 18031 | Snake:2  | Reached skill level 10 in Dodging
 18031 | Snake:2  | Reached skill level 10 in Stealth
 18031 | Snake:2  | Reached skill level 10 in Unarmed Combat
 18031 | Snake:2  | Reached skill level 10 in Spellcasting
 18031 | Snake:2  | Reached skill level 10 in Evocations
 18042 | Snake:2  | Killed a nagaraja
 18115 | Snake:2  | Reached skill level 11 in Throwing
 18868 | Snake:3  | Noticed a nagaraja
 18893 | Snake:3  | Killed a nagaraja
 19046 | Snake:3  | Reached XP level 16. HP: 115/127 MP: 30/30
 20051 | Snake:3  | Reached skill level 12 in Throwing
 20351 | Snake:3  | Noticed a nagaraja
 20362 | Snake:3  | Killed a nagaraja
 20809 | Snake:4  | Entered Level 4 of the Snake Pit
 21515 | Snake:4  | Noticed a nagaraja
 21615 | Snake:4  | Noticed a nagaraja
 21635 | Snake:4  | Killed a nagaraja
 21738 | Snake:4  | Reached XP level 17. HP: 55/135 MP: 14/32
 22563 | Snake:4  | Reached skill level 13 in Throwing
 22978 | Snake:4  | Found Went's General Store.
 23080 | Snake:4  | Got a serpentine rune of Zot
 23293 | Swamp:1  | Entered Level 1 of the Swamp
 24410 | Swamp:1  | Noticed Jorgrun
 24435 | Swamp:1  | Killed Jorgrun
 24487 | Swamp:2  | Noticed Frances
 24517 | Swamp:2  | Killed Frances
 24637 | Swamp:2  | Learned a level 3 spell: Mephitic Cloud
 24643 | Swamp:2  | Learned a level 5 spell: Agony
 24648 | Swamp:2  | Learned a level 4 spell: Olgreb's Toxic Radiance
 24654 | Swamp:2  | Learned a level 2 spell: Poisonous Vapours
 24883 | Swamp:2  | Found a shadowy altar of Dithmenos.
 25707 | Swamp:3  | Reached skill level 10 in Conjurations
 25707 | Swamp:3  | Reached skill level 10 in Hexes
 25707 | Swamp:3  | Reached skill level 10 in Charms
 25707 | Swamp:3  | Reached skill level 10 in Summonings
 25707 | Swamp:3  | Reached skill level 10 in Necromancy
 25707 | Swamp:3  | Reached skill level 10 in Translocations
 25707 | Swamp:3  | Reached skill level 10 in Transmutations
 25707 | Swamp:3  | Reached skill level 10 in Fire Magic
 25707 | Swamp:3  | Reached skill level 10 in Ice Magic
 25707 | Swamp:3  | Reached skill level 10 in Air Magic
 25707 | Swamp:3  | Reached skill level 10 in Earth Magic
 25707 | Swamp:3  | Reached skill level 10 in Poison Magic
 25940 | Swamp:3  | Reached XP level 18. HP: 143/143 MP: 33/33
 26639 | Swamp:4  | Entered Level 4 of the Swamp
 27140 | Swamp:4  | Reached skill level 14 in Throwing
 27790 | Swamp:4  | Got a decaying rune of Zot
 28350 | D:9      | Noticed Grum
 28362 | D:9      | Killed Grum
 28611 | D:9      | Found a staircase to the Orcish Mines.
 28890 | Orc:1    | Entered Level 1 of the Orcish Mines
 29065 | Orc:1    | Found a radiant altar of Vehumet.
 29403 | Orc:2    | Entered Level 2 of the Orcish Mines
 29587 | Orc:2    | Found Degeolie's Gadget Shop.
 29587 | Orc:2    | Found Qaured's Armour Shoppe.
 29631 | Orc:2    | Noticed Josephine
 29649 | Orc:2    | Killed Josephine
 29916 | Orc:2    | Found a staircase to the Elven Halls.
 30216 | Orc:2    | Found a roughly hewn altar of Beogh.
 30473 | Orc:2    | Found Jeofiacu's Magic Scroll Shop.
 30473 | Orc:2    | Found Ihin's Magic Scroll Shoppe.
 30549 | Elf:1    | Entered Level 1 of the Elven Halls
 30697 | Elf:1    | Noticed Azrael
 30714 | Elf:1    | Killed Azrael
 31235 | Elf:1    | Noticed Nikola
 31252 | Elf:1    | Killed Nikola
 31252 | Elf:1    | Reached XP level 19. HP: 151/151 MP: 28/35
 31669 | Elf:1    | Got a distressingly furry plate armour
 31671 | Elf:1    | Identified the +4 plate armour of the Armoured One {rF++}
                  | (You found it on level 1 of the Elven Halls)
 32247 | Elf:2    | Found a runed translucent gate.
 32247 | Elf:2    | Found a runed translucent gate.
 32248 | Elf:2    | Found a runed translucent gate.
 32358 | Elf:2    | Reached skill level 15 in Throwing
 33356 | Elf:2    | Gained mutation: Your spells are a little easier to cast,
                  | but a little less powerful. [a neqoxec]
 33785 | Elf:3    | Entered Level 3 of the Elven Halls
 34008 | Elf:3    | Cast into level 3 of the Abyss (a deep elf sorcerer)
 34287 | Abyss:3  | Gained mutation: You tend to lose your temper in combat. [a
                  | neqoxec]
 34309 | Abyss:3  | Lost mutation: You tend to lose your temper in combat.
                  | [potion of mutation]
 34309 | Abyss:3  | Lost mutation: Your spells are a little easier to cast, but
                  | a little less powerful. [potion of mutation]
 34309 | Abyss:3  | Gained mutation: You have sharp toenails. [potion of
                  | mutation]
 34309 | Abyss:3  | Gained mutation: You are resistant to electric shocks.
                  | (rElec) [potion of mutation]
 34595 | Elf:3    | Escaped the Abyss
 34832 | Elf:3    | Reached XP level 20. HP: 98/159 MP: 30/36
 35381 | Elf:3    | Identified the +0 robe of Vosejuylid {+Fly}
 35466 | Elf:3    | Reached skill level 16 in Throwing
 35468 | Elf:3    | Identified the +7 hand axe "Punt" {chop, rElec Int+7}
 35468 | Elf:3    | Identified the ring of Gaschu Bodgh {+Fly rF+ Str+4 Int+3
                  | SInv}
 35470 | Elf:3    | Noticed a Brimstone Fiend
 35800 | Elf:3    | Identified the amulet "Laegera" {Faith MP+9}
 36064 | Elf:3    | Identified a +2 pair of boots of running (You found it on
                  | level 3 of the Elven Halls)
 36153 | Elf:3    | Learned a level 5 spell: Bolt of Draining
 36187 | Elf:3    | Identified Sif Muna's Catalogue of Fetching Black Arts
 36435 | Elf:3    | Found Vanemnovua's Book Boutique.
 36438 | Elf:3    | Found Ijeafuoh's Distillery.
 36490 | Elf:3    | Found Leikaps's Gadget Shoppe.
 36627 | Elf:3    | Found Soiliph's Magic Scroll Shoppe.
 36838 | D:10     | Entered Level 10 of the Dungeon
 36839 | D:10     | Found a flagged portal.
 36867 | Bailey   | Entered a bailey
 37051 | Bailey   | Identified the Compendium of Changing
 38976 | D:10     | Learned a level 2 spell: Sticks to Snakes
 39240 | D:10     | Noticed Snorg
 39255 | D:10     | Killed Snorg
 39308 | D:10     | Noticed Harold
 39316 | D:10     | Killed Harold
 39484 | D:10     | Found an ancient bone altar of Kikubaaqudgha.
 39774 | D:10     | Found a portal to a secret trove of treasure.
 40995 | D:12     | Noticed Nessos
 40999 | D:12     | Killed Nessos
 41317 | D:13     | Learned a level 1 spell: Summon Butterflies
 42899 | D:14     | Reached XP level 21. HP: 166/166 MP: 38/38
 42970 | D:14     | Found a gate to the Vaults.
 43194 | Vaults:1 | Entered Level 1 of the Vaults
 44341 | Vaults:1 | Reached skill level 17 in Throwing
 44448 | Vaults:1 | Reached skill level 15 in Fighting
 44448 | Vaults:1 | Reached skill level 15 in Armour
 44448 | Vaults:1 | Reached skill level 15 in Shields
 44647 | Vaults:1 | Found Ucvan's Distillery.
 44870 | Vaults:2 | Found Uquener's Gadget Emporium.
 45330 | Vaults:2 | Reached skill level 15 in Invocations
 45953 | Vaults:2 | Identified Sif Muna's Disquisition on Clay and the Birds
 46236 | Vaults:3 | Found a ruined gateway.
 46265 | Desolati | Entered the Desolation of Salt
 46380 | Desolati | Reached XP level 22. HP: 101/175 MP: 18/40
 46410 | Desolati | HP: 4/175 [ragged hierophant/a resonance strike (16)]
 46416 | Desolati | HP: 3/175 [poisoned by a guardian serpent (bolt of poison)]
 46422 | Desolati | HP: 3/175 [poisoned by a guardian serpent (bolt of poison)]
 46430 | Desolati | HP: 4/175 [poisoned by a guardian serpent (bolt of poison)]
 46490 | Desolati | HP: 4/175 [saltling (11)]
 46491 | Desolati | Mangled by a peacekeeper

Skill      XL: |  1  2  3  4  5  6  7  8  9 10 11 12 13 14 15 16 17 18 19 20 21 |
---------------+----------------------------------------------------------------+-----
Invocations    | 1 2 3 4 5 6 7 8 9 10 11 12 13 14 15 | 15.2
Short Blades   | 1 2 3 4 5 6 7 8 9 10 11 12 13 14 | 14.1
Long Blades    | 1 2 3 4 5 6 7 8 9 10 11 12 13 14 | 14.1
Axes           | 1 2 3 4 5 6 7 8 9 10 11 12 13 14 | 14.1
Polearms       | 1 2 3 4 5 6 7 8 9 10 11 12 13 14 | 14.1
Staves         | 1 2 3 4 5 6 7 8 9 10 11 12 13 14 | 14.1
Slings         | 1 2 3 4 5 6 7 8 9 10 11 12 13 14 | 14.1
Bows           | 1 2 3 4 5 6 7 8 9 10 11 12 13 14 | 14.1
Crossbows      | 1 2 3 4 5 6 7 8 9 10 11 12 13 14 | 14.1
Throwing       | 1 2 3 4 5 6 7 8 10 11 12 13 14 15 16 17 | 17.4
Dodging        | 1 2 3 4 5 6 7 8 9 10 11 12 13 14 | 14.1
Stealth        | 1 2 3 4 5 6 7 8 9 10 11 12 13 14 | 14.1
Unarmed Combat | 1 2 3 4 5 6 7 8 9 10 11 12 13 14 | 14.1
Spellcasting   | 1 2 3 4 5 6 7 8 9 10 11 12 13 14 | 14.1
Evocations     | 1 2 3 4 5 6 7 8 9 10 11 12 13 14 | 14.1
Conjurations   | 1 2 3 4 5 6 7 8 9 10 11 12 | 12.1
Hexes          | 1 2 3 4 5 6 7 8 9 10 11 12 | 12.1
Charms         | 1 2 3 4 5 6 7 8 9 10 11 12 | 12.1
Summonings     | 1 2 3 4 5 6 7 8 9 10 11 12 | 12.1
Necromancy     | 1 2 3 4 5 6 7 8 9 10 11 12 | 12.1
Translocations | 1 2 3 4 5 6 7 8 9 10 11 12 | 12.1
Transmutations | 1 2 3 4 5 6 7 8 9 10 11 12 | 12.1
Fire Magic     | 1 2 3 4 5 6 7 8 9 10 11 12 | 12.1
Ice Magic      | 1 2 3 4 5 6 7 8 9 10 11 12 | 12.1
Air Magic      | 1 2 3 4 5 6 7 8 9 10 11 12 | 12.1
Earth Magic    | 1 2 3 4 5 6 7 8 9 10 11 12 | 12.1
Poison Magic   | 1 2 3 4 5 6 7 8 9 10 11 12 | 12.1
Maces & Flails | 5 6 7 8 9 10 11 12 13 14 | 14.7
Fighting       | 7 8 9 10 11 12 13 14 15 | 15.2
Armour         | 7 8 9 10 11 12 13 14 15 | 15.2
Shields        | 7 8 9 10 11 12 13 14 15 | 15.2

Action                   |  1- 3 |  4- 6 |  7- 9 | 10-12 | 13-15 | 16-18 | 19-21 | 22-24 || total
-------------------------+-------+-------+-------+-------+-------+-------+-------+-------++-------
Melee: Flail             |    98 |   189 |    14 |       |   339 |       |       |       ||   640
       Bite              |     8 |    24 |    54 |    77 |   131 |   198 |   320 |     2 ||   814
       Whip              |       |    48 |   361 |   498 |   530 |  1491 |  1384 |    14 ||  4326
       Rapier            |       |       |       |       |       |       |   566 |       ||   566
 Fire: Hunting sling     |       |       |       |       |       |    27 |       |       ||    27
Throw: Stone             |    27 |    85 |   135 |   181 |   142 |   921 |   576 |       ||  2067
       Tomahawk          |       |       |       |    13 |     7 |     4 |       |       ||    24
       Javelin           |       |       |       |       |       |     7 |    27 |       ||    34
 Cast: Poisonous Vapours |       |       |       |       |       |     7 |       |       ||     7
       Olgreb's Toxic Ra |       |       |       |       |       |    30 |    11 |       ||    41
       Mephitic Cloud    |       |       |       |       |       |     4 |     1 |       ||     5
       Sticks to Snakes  |       |       |       |       |       |       |     3 |     1 ||     4
       Bolt of Draining  |       |       |       |       |       |       |     3 |       ||     3
 Abil: Evoke Berserk Rag |       |       |       |     1 |     3 |       |       |       ||     4
Evoke: Wand              |       |       |       |     3 |       |     1 |     3 |     3 ||    10
       Crystal ball of e |       |       |       |       |       |       |       |     1 ||     1
       Sack of spiders   |       |       |       |       |       |       |       |     1 ||     1
       Phantom mirror    |       |       |       |       |       |       |       |     1 ||     1
  Use: Scroll            |       |     1 |     5 |     5 |    11 |    11 |     5 |     3 ||    41
       Potion            |       |     1 |       |     1 |     4 |     7 |     5 |     4 ||    22
 Stab: Sleeping          |       |       |       |       |       |     1 |     9 |       ||    10
       Confused          |       |       |       |       |       |     2 |       |       ||     2
       Distracted        |       |       |       |       |       |       |     2 |       ||     2
  Eat: Chunk             |     1 |     6 |    19 |    21 |    20 |    15 |    39 |       ||   121
       Ration            |       |       |     1 |       |     2 |     7 |     3 |       ||    13
Armor: Scale mail        |    31 |    91 |    71 |   120 |    22 |       |       |       ||   335
       Chain mail        |       |       |       |       |   228 |   210 |   234 |    16 ||   688
       Skin              |       |       |       |       |       |     4 |       |       ||     4
Dodge: Dodged            |    27 |    74 |   118 |   187 |   435 |   449 |   562 |    90 ||  1942
Block: Shield            |    43 |   131 |   146 |   181 |   515 |   824 |  1068 |    96 ||  3004
       Reflection        |       |       |       |       |    37 |   112 |    81 |       ||   230
